[Event "WSTCC-50 2024"]
[Site "Krakow"]
[Date "2024.07.05"]
[Round "4.10"]
[White "Fox, Anthony"]
[Black "Forgo, Eva"]
[Result "1-0"]
[ECO "C88"]
[WhiteElo "1909"]
[BlackElo "2060"]
[Annotator "RC"]
[PlyCount "175"]
[EventDate "2024.07.01"]
[EventType "team-tourn"]
[EventCountry "POL"]
[SourceTitle "playchess.com"]
[Source "ChessBase"]
[SourceQuality "1"]
[TimeControl "40/5400+30:1800+30"]

1. e4 e5 2. Nf3 Nc6 3. Bb5 a6 4. Ba4 Nf6 5. O-O Be7 6. Re1 b5 7. Bb3 d6 8. a4 Bg4 9. c3 Na5 10. Bc2 c5 11. d3 O-O 12. Nbd2 Nc6 13. h3 Bd7 14. Nf1 b4 15. Ng3 g6 16. Bh6 Re8 17. d4 bxc3 18. bxc3 cxd4 19. cxd4 a5 20. Bb3 Rb8 21. Ng5 d5 22. dxe5 Nxe5 23. exd5 Bc5 24. N5e4 Qb6 25. Nxf6+ Qxf6 26. Ne4 Qb6 27. Be3 Bxe3 28. Rxe3 Kg7 29. Rc1 h6 30. Nc5 Bf5 31. Qd4 Qf6 32. Qa1 g5 33. Rce1 Rec8 34. Qxe5 Qxe5 35. Rxe5 Rxc5 36. Rxf5 Rxb3 37. Re7 Kg8 38. Rexf7 Rd3 39. d6 Rc1+ 40. Kh2 Rxd6 41. Ra7 Ra1 42. Raxa5 Rd4 43. Ra6 Kg7 44. a5 Rda4 45. Rb5 Rf4 46. Rb7+ Rf7 47. Rxf7+ Kxf7 48. Rxh6 Rxa5 49. f3 Kg7 50. Rb6 Ra4 51. Kg3 Kf7 52. Rh6 Kg7 53. Re6 Kf7 54. Re4 Ra2 55. h4 gxh4+ 56. Rxh4 Kg6 57. Rb4 Kf5 58. Rb5+ Kf6 59. Kh3 Rf2 60. Kg3 Ra2 61. f4 Rc2 62. Kh3 Rc3+ 63. Kg4 Rc6 64. g3 Ra6 65. Rh5 Kg6 66. f5+ Kg7 67. Kg5 Rb6 68. g4 Ra6 69. Rh1 Rb6 70. Ra1 Rb7 71. Ra6 Rc7 72. Rh6 Rc5 73. Re6 Kf7 74. Rd6 Rc7 75. Rh6 Kg7 76. f6+ Kg8 77. Kf5 Ra7 78. Rh1 Rb7 79. g5 Ra7 80. Rb1 Ra8 81. Rb7 Kh8 82. Rb5 Kh7 83. Re5 Kh8 84. g6 Kg8 85. Kg5 Kf8 86. Rb5 Rc8 87. Kh6 Ra8 88. Kh7 1-0

[Event "WSTCC-50 2024"]
[Site "Krakow"]
[Date "2024.07.05"]
[Round "4.11"]
[White "Ginsburg, Mark"]
[Black "Sagalchik, Olga"]
[Result "1-0"]
[ECO "A05"]
[WhiteElo "2272"]
[BlackElo "2128"]
[Annotator "TA"]
[PlyCount "71"]
[EventDate "2024.07.01"]
[EventType "team-tourn"]
[EventCountry "POL"]
[SourceTitle "playchess.com"]
[Source "ChessBase"]
[SourceQuality "1"]
[TimeControl "40/5400+30:1800+30"]

1. Nf3 Nf6 2. c4 c6 3. g3 d6 4. Bg2 Nbd7 5. O-O e5 6. Nc3 Be7 7. d4 O-O 8. e4 Re8 9. h3 Qc7 10. Be3 a6 11. Rc1 Bf8 12. Re1 Qb8 13. b4 (13. d5 $14) 13... a5 (13... b5 $11) 14. b5 $16 exd4 (14... g6 $142) 15. Nxd4 c5 16. Nf5 {[%emt 0:05:56] Weiß steht aktiver.} g6 (16... h6 $16 {ist wohl besser.} 17. Bd2 Nb6) 17. Nh6+ $18 Kg7 18. g4 Nb6 (18... Ng8 $16) 19. g5 (19. Qf3 $18 {und Weiss behält klar die Oberhand.} Be6 20. Nd5) 19... Ng8 $16 20. Nxg8 (20. Bd4+ $18 cxd4 21. Qxd4+ Re5 22. f4 (22. Qxb6 Rxg5 23. Ng4 Rc5 $14)) 20... Kxg8 21. Nd5 Nxd5 22. Qxd5 Be6 23. Qd3 Be7 (23... Bg7 $14) 24. f4 $36 {[%emt 0:00:11][%mdl 2048] Schwarz steht unter starkem Druck.} Qc8 25. h4 (25. Bd2 $18) 25... h5 $2 {[%emt 0:03:36] Führt Schwarz ins Verderben.} (25... Bg4 $16 {ist eine bessere Verteidigung.} 26. Bd2 Bf8) 26. Bd2 $18 ({Schwächer ist} 26. gxh6 Bh3 $18) 26... b6 (26... Bg4 {war nötig.} 27. f5 gxf5 28. exf5 Bxf5) 27. Bc3 Ra7 $2 (27... Bg4 28. f5 Bf8 29. fxg6 fxg6) 28. Bb2 Kh7 29. Rf1 {[%emt 0:04:37] [#] Und f5 würde nun gewinnen.} Bg4 30. Qc3 ({Jedoch nicht} 30. f5 Bf8 31. Bf3 Bxf3 $18) 30... Rg8 {[%emt 0:00:21] Gegen Qg7+ gerichtet.} 31. f5 gxf5 (31... Bf8 32. Qg3 a4) 32. exf5 {[%emt 0:00:06][%cal Og5g6,Be4f5,Bf5f6,Bf6f7][%mdl 32] Und jetzt g6+! wäre schön.} f6 33. Rce1 {[%emt 0:01:29][%cal Oe1e7] [#] Weiss droht Rxe7+! und Matt.} fxg5 34. f6 {[%emt 0:01:12] Weiß setzt Matt.} Bf8 35. f7 Rg7 36. Re8 {[%emt 0:00:34] Gewichteter Fehlerwert: Weiß=0.57/Schwarz=0.94.  Verlustzug:     	---       	Schwarz=1     Fehler:       	Weiß=4     	Schwarz=8     Ungenau:       	Weiß=2     	Schwarz=2     OK:         	Weiß=5     	Schwarz=4     Bester:       	Weiß=1     	Schwarz=1} 1-0

[Event "WSTCC-50 2024"]
[Site "Krakow"]
[Date "2024.07.05"]
[Round "4.11"]
[White "Barron, Michael"]
[Black "Hughes, Anthony"]
[Result "1-0"]
[ECO "B13"]
[WhiteElo "2046"]
[BlackElo "1913"]
[Annotator "NA RC"]
[PlyCount "95"]
[EventDate "2024.07.01"]
[EventType "team-tourn"]
[EventCountry "POL"]
[SourceTitle "playchess.com"]
[Source "ChessBase"]
[SourceQuality "1"]
[TimeControl "40/5400+30:1800+30"]

1. e4 c6 2. d4 d5 3. exd5 cxd5 4. Bd3 Nc6 5. c3 Nf6 6. Bf4 Bg4 7. Qb3 Qd7 8. Nd2 e6 9. Ngf3 Bxf3 10. Nxf3 Bd6 11. Bxd6 Qxd6 12. O-O O-O 13. Rae1 Rac8 14. Ne5 Rc7 15. f4 Na5 16. Qc2 Nc4 17. g4 g6 18. Qg2 b5 19. a3 a5 20. f5 exf5 21. gxf5 b4 22. axb4 axb4 23. Bxc4 dxc4 24. Re3 bxc3 25. bxc3 Qd5 26. Qg5 Ne4 27. Qh4 f6 28. fxg6 Rg7 29. Qxe4 Qxe4 30. Rxe4 fxe5 31. Rxf8+ Kxf8 32. Rxe5 Rxg6+ 33. Kf2 Rh6 34. Kg3 Rg6+ 35. Kf4 Rh6 36. Rc5 Rxh2 37. Rxc4 Ke7 38. Rc6 Kd7 39. d5 Rh4+ 40. Ke5 Rh5+ 41. Kd4 Rh1 42. c4 h5 43. Rh6 h4 44. Rh7+ Kd8 45. d6 h3 46. Kd5 h2 47. Kc6 Re1 48. Rxh2 1-0

[Event "WSTCC-50 2024"]
[Site "Krakow"]
[Date "2024.07.05"]
[Round "4.11"]
[White "Csom, Etelka"]
[Black "Lyons, Brendan"]
[Result "1-0"]
[ECO "B26"]
[WhiteElo "1996"]
[BlackElo "1920"]
[Annotator "NA RC"]
[PlyCount "69"]
[EventDate "2024.07.01"]
[EventType "team-tourn"]
[EventCountry "POL"]
[SourceTitle "playchess.com"]
[Source "ChessBase"]
[SourceQuality "1"]
[TimeControl "40/5400+30:1800+30"]

1. e4 c5 2. Nc3 g6 3. g3 Bg7 4. Bg2 Nc6 5. d3 d6 6. Be3 Nf6 7. h3 O-O 8. Qd2 Rb8 9. f4 Bd7 10. Nf3 Qc8 11. g4 b5 12. O-O b4 13. Ne2 Qc7 14. f5 Rfd8 15. Nf4 c4 16. Qf2 Ne5 17. g5 Nfg4 18. hxg4 Nxg4 19. Qe2 Bxb2 20. Rab1 cxd3 21. cxd3 Bc3 22. Nd5 Qa5 23. Bd4 Bxd4+ 24. Nxd4 Qc5 25. Qxg4 Qxd4+ 26. Kh1 Qxd3 27. Qf4 Rf8 28. Nxe7+ Kg7 29. Qh4 gxf5 30. exf5 f6 31. Qh6+ Kh8 32. Ng6+ Kg8 33. Nxf8 Rxf8 34. g6 hxg6 35. fxg6 1-0

[Event "WSTCC-50 2024"]
[Site "Krakow"]
[Date "2024.07.05"]
[Round "4.12"]
[White "Tsodikova, Natalia"]
[Black "Koganov, Mikhail"]
[Result "0-1"]
[ECO "B07"]
[WhiteElo "2019"]
[BlackElo "2177"]
[Annotator "RC"]
[PlyCount "52"]
[EventDate "2024.07.01"]
[EventType "team-tourn"]
[EventCountry "POL"]
[SourceTitle "playchess.com"]
[Source "ChessBase"]
[SourceQuality "1"]
[TimeControl "40/5400+30:1800+30"]

1. e4 d6 2. d4 Nf6 3. Nc3 c6 4. a4 Qa5 5. Bd2 Qc7 6. h3 e5 7. Nf3 Be7 8. dxe5 dxe5 9. Bc4 O-O 10. Qe2 a5 11. g4 Nfd7 12. Nd1 Nc5 13. Bc3 Bd6 14. Nd2 Ne6 15. Bxe6 fxe6 16. Ne3 b6 17. Ndc4 Bb4 18. Bxb4 axb4 19. b3 c5 20. c3 b5 21. cxb4 bxc4 22. Qxc4 Qf7 23. Ra2 cxb4 24. Qxb4 Nc6 25. Qc5 Nd4 26. Nc4 Qf3 0-1

[Event "WSTCC-50 2024"]
[Site "Krakow"]
[Date "2024.07.05"]
[Round "4.12"]
[White "O`Dwyer, Fergal"]
[Black "Kozma, Edit"]
[Result "1/2-1/2"]
[ECO "B52"]
[WhiteElo "1935"]
[BlackElo "1859"]
[Annotator "NA RC"]
[PlyCount "35"]
[EventDate "2024.07.01"]
[EventType "team-tourn"]
[EventCountry "POL"]
[SourceTitle "playchess.com"]
[Source "ChessBase"]
[SourceQuality "1"]
[TimeControl "40/5400+30:1800+30"]

1. e4 c5 2. Nf3 d6 3. Bb5+ Bd7 4. c4 Nf6 5. Nc3 g6 6. O-O Bg7 7. d4 cxd4 8. Nxd4 O-O 9. f3 Nc6 10. Bxc6 bxc6 11. Be3 Qa5 12. Qd2 Qb4 13. Rac1 Rab8 14. b3 Rfc8 15. Nde2 Qb7 16. Rfd1 c5 17. Bh6 Bh8 18. Bg5 1/2-1/2

[Event "WSTCC-50 2024"]
[Site "Krakow"]
[Date "2024.07.05"]
[Round "4.12"]
[White "Thomas, Gary"]
[Black "Findlay, Ian T."]
[Result "1-0"]
[ECO "B20"]
[WhiteElo "1865"]
[BlackElo "2118"]
[Annotator "NA RC"]
[PlyCount "29"]
[EventDate "2024.07.01"]
[EventType "team-tourn"]
[EventCountry "POL"]
[SourceTitle "playchess.com"]
[Source "ChessBase"]
[SourceQuality "1"]
[TimeControl "40/5400+30:1800+30"]

1. e4 c5 2. b4 cxb4 3. d4 d5 4. exd5 Qxd5 5. c4 bxc3 6. Nxc3 Qd8 7. Bb5+ Bd7 8. Rb1 Nf6 9. Nf3 e6 10. O-O Be7 11. d5 O-O 12. d6 Bxb5 13. dxe7 Qxe7 14. Nxb5 Nc6 15. Ba3 1-0

[Event "WSTCC-50 2024"]
[Site "Krakow"]
[Date "2024.07.05"]
[Round "4.13"]
[White "Mrva, Martin"]
[Black "Dahl, Fredrik A"]
[Result "1-0"]
[ECO "C24"]
[WhiteElo "2361"]
[BlackElo "2237"]
[Annotator "TA"]
[PlyCount "64"]
[EventDate "2024.07.01"]
[EventType "team-tourn"]
[EventCountry "POL"]
[SourceTitle "playchess.com"]
[Source "ChessBase"]
[SourceQuality "1"]
[TimeControl "40/5400+30:1800+30"]

1. e4 e5 2. Bc4 Nf6 3. d3 c6 4. Nf3 d5 5. Bb3 Bb4+ 6. Nbd2 Bd6 7. d4 dxe4 8. Nxe5 {[%emt 0:15:07] Die Stellung ist ausgeglichen.} O-O 9. Qe2 Bf5 10. h3 h6 (10... c5 $11 {war vorzuziehen.} 11. g4 Be6 12. Bxe6 (12. Nxe4 $2 Bxb3 13. axb3 Nxe4 $17) 12... fxe6 13. Nxe4 cxd4) 11. g4 $14 Bh7 12. h4 Nbd7 13. Ndc4 Bxe5 14. dxe5 {[%emt 0:00:29] [#]} (14. Nxe5 $11 Nxe5 15. dxe5) 14... Nxe5 $1 15. Nxe5 Qa5+ 16. Bd2 Qxe5 17. O-O-O {[%emt 0:00:11] Und g5 würde nun gewinnen.} Nd5 18. g5 $36 {[%emt 0:03:08][%mdl 2048] Weiss hat Druck.} h5 19. Qxh5 a5 20. a3 a4 21. Ba2 (21. Bxd5 $14 Qxd5 22. Bb4) 21... e3 ({Vorzuziehen ist} 21... b5 $11 22. Bxd5 Qxd5) 22. fxe3 Qe4 {[%emt 0:04:11][%csl Gh7][%cal Re4c2] Gegen Qg4 gerichtet.} 23. Kb1 Ra6 (23... Nxe3 $2 {zu gefräßig.} 24. Bxe3 Rae8 25. Rde1 $18 (25. g6 Bxg6 26. Qg5 Re5 $18)) (23... Qxc2+ 24. Ka1 Bg6 25. Qe2 $16) (23... Bf5 $14 {kam in Betracht.} 24. Qe2 Qxc2+ 25. Ka1 Qe4) 24. Ka1 Qxc2 $2 {[%emt 0:06:06][%mdl 8192] Führt Schwarz ins Verderben.} (24... Rb6 $16) 25. Bb1 $18 {[%emt 0:03:37] Weiß steht klar auf Gewinn.} Bg6 26. Qg4 (26. Qxg6 Qxg6 27. Bxg6 fxg6 $16) 26... Qb3 {[%emt 0:00:31] Und jetzt ...Rb6 wäre schön.} 27. Bxg6 {[%emt 0:04:04][%cal Od1f1] Rdf1! wäre nun fies.} fxg6 28. Qe6+ Rf7 29. h5 ({Weniger gut wäre} 29. Qxg6 c5 (29... Rb6 $2 30. Bc1 $18) 30. Qe4 Rd6 $18) 29... Ne7 (29... Nxe3 $142 30. Qxe3 Qxe3) 30. Qe5 {[%emt 0:00:23] Bb4 ist eine echte Drohung.} Ra8 31. Bb4 gxh5 {[%emt 0:07:13] Schwarz hat schwache schwarze Felder} 32. Bxe7 {[%emt 0:00:20][%cal Og5g6] Beabsichtigt g6! und Matt.} Qc2 {Gewichteter Fehlerwert: Weiß=0.19 (sehr präzise) /Schwarz=0.33.  Verlustzug:     	---       	Schwarz=1     Fehler:       	Weiß=2     	Schwarz=5     Ungenau:       	Weiß=3     	Schwarz=3     OK:         	Weiß=6     	Schwarz=8     Bester:       	Weiß=3     	Schwarz=1} 1-0

[Event "WSTCC-50 2024"]
[Site "Krakow"]
[Date "2024.07.05"]
[Round "4.13"]
[White "Westphal, Wolfgang"]
[Black "Baginskaite, Kamile"]
[Result "0-1"]
[ECO "B50"]
[WhiteElo "2172"]
[BlackElo "2057"]
[Annotator "RC"]
[PlyCount "88"]
[EventDate "2024.07.01"]
[EventType "team-tourn"]
[EventCountry "POL"]
[SourceTitle "playchess.com"]
[Source "ChessBase"]
[SourceQuality "1"]
[TimeControl "40/5400+30:1800+30"]

1. e4 c5 2. Nf3 d6 3. Nc3 Nf6 4. e5 dxe5 5. Nxe5 Nbd7 6. Nc4 g6 7. g3 Bg7 8. Bg2 O-O 9. O-O Nb6 10. d3 Bg4 11. Qe1 Be6 12. Nxb6 Qxb6 13. Be3 Qxb2 14. Na4 Qxc2 15. Nxc5 Bd5 16. Bd4 Bxg2 17. Kxg2 Rfd8 18. Rc1 Qxa2 19. Bxf6 Bxf6 20. Nxb7 Qd5+ 21. Qe4 Qxd3 22. Nc5 Qd5 23. Rfd1 Qxe4+ 24. Nxe4 Bd4 25. Rc7 Kf8 26. Re1 Rac8 27. Rb7 Rc2 28. Kh3 h6 29. g4 Bxf2 30. Nxf2 Rxf2 31. Kg3 Ra2 32. Rbxe7 Rd3+ 33. R7e3 Rxe3+ 34. Rxe3 a5 35. h4 a4 36. h5 gxh5 37. gxh5 a3 38. Rb3 Ra1 39. Kg2 a2 40. Ra3 f5 41. Kh2 Kf7 42. Ra6 f4 43. Kg2 f3+ 44. Kf2 Rh1 0-1

[Event "WSTCC-50 2024"]
[Site "Krakow"]
[Date "2024.07.05"]
[Round "4.13"]
[White "Skibbe, Diana"]
[Black "Bouah, Lyndon"]
[Result "1/2-1/2"]
[ECO "B05"]
[WhiteElo "1942"]
[BlackElo "1996"]
[Annotator "NA RC"]
[PlyCount "24"]
[EventDate "2024.07.01"]
[EventType "team-tourn"]
[EventCountry "POL"]
[SourceTitle "playchess.com"]
[Source "ChessBase"]
[SourceQuality "1"]
[TimeControl "40/5400+30:1800+30"]

1. e4 Nf6 2. e5 Nd5 3. d4 d6 4. Nf3 Bg4 5. Be2 c6 6. c4 Nb6 7. Be3 Bxf3 8. gxf3 dxe5 9. dxe5 Qxd1+ 10. Kxd1 e6 11. Nc3 N8d7 12. f4 O-O-O 1/2-1/2

[Event "WSTCC-50 2024"]
[Site "Krakow"]
[Date "2024.07.05"]
[Round "4.14"]
[White "Kirkebo, Carl Peter"]
[Black "Motuz, Karol"]
[Result "0-1"]
[ECO "C58"]
[WhiteElo "2160"]
[BlackElo "2293"]
[Annotator "TA"]
[PlyCount "64"]
[EventDate "2024.07.01"]
[EventType "team-tourn"]
[EventCountry "POL"]
[SourceTitle "playchess.com"]
[Source "ChessBase"]
[SourceQuality "1"]
[TimeControl "40/5400+30:1800+30"]

1. e4 e5 2. Nf3 Nc6 3. Bc4 Nf6 4. Ng5 d5 5. exd5 Na5 6. Bb5+ c6 7. dxc6 bxc6 8. Bd3 Nd5 9. Ne4 (9. Nxh7 $2 Nf4 10. Be4 f5 $19) 9... f5 10. Ng3 Qf6 {[%emt 0:02:35] The position is equal.} 11. Nc3 Nf4 12. Bf1 Bd6 13. b3 ({White should play} 13. Nh5 $14 Qe7 14. Nxf4) 13... O-O $11 {[%emt 0:05:26] Threatening ...Bb7.} 14. Bb2 c5 15. d3 Bb7 $36 {[%emt 0:03:11][%mdl 3072] Black has compensation. Black is more active.} 16. Nce2 (16. Qd2 $11) 16... Qg6 {[%emt 0:23:56] Black has more active pieces. The white rooks are passive.} (16... Bxg2 17. Nxf4 Bxh1 18. Nxh1 $18) (16... Nxg2+ $17 17. Bxg2 Bxg2) 17. Qd2 $1 $15 Nc6 (17... Nxg2+ 18. Bxg2 Bxg2 19. Rg1 $16 (19. Qxa5 Bxh1 20. Nxh1 Qh6 $16)) 18. O-O-O {[%emt 0:01:30] White is now going downhill.} Ne6 19. h4 {[%emt 0:05:51] [#]} (19. Nc3 $17) 19... a5 $1 $19 20. Nc3 Ned4 21. h5 (21. Na4 $17 {is a better defense.}) 21... Qf7 {[%emt 0:00:45] Strongly threatening ...Nb4.} 22. Nge2 (22. Na4 {was necessary.}) 22... Nb4 23. Nxd4 $2 (23. f4 h6 (23... Nbxc2 24. h6 $17) 24. Na4) 23... cxd4 24. Nb5 (24. Na4 $142 Rfc8 (24... Nxa2+ 25. Kb1 $15) 25. h6) 24... Nxa2+ 25. Kb1 Bb4 26. Qe2 Nc3+ 27. Bxc3 dxc3 (27... Bxc3 28. Nxc3 dxc3 29. Qxe5 $17) 28. Qxe5 a4 29. h6 {[%emt 0:00:44] [#]} (29. Rh4 $19 f4 30. Nd4) 29... axb3 {[%emt 0:00:35] Black mates.} 30. Qxg7+ Qxg7 31. hxg7 b2 32. gxf8=Q+ Kxf8 {[%emt 0:00:08] Weighted Error Value: White=0.62/Black=0.23 (precise) .  Mistake:       	White=8     	Black=1      Inaccurate:     	White=5     	Black=2      OK:         	White=3     	Black=7      Best:        	---       	Black=3      Strong:       	White=1     	Black=1} 0-1

[Event "WSTCC-50 2024"]
[Site "Krakow"]
[Date "2024.07.05"]
[Round "4.14"]
[White "Bhawoodien, Shabir Hussain"]
[Black "Wolf, Sylvia"]
[Result "1-0"]
[ECO "B99"]
[WhiteElo "1990"]
[BlackElo "1992"]
[Annotator "NA RC"]
[PlyCount "77"]
[EventDate "2024.07.01"]
[EventType "team-tourn"]
[EventCountry "POL"]
[SourceTitle "playchess.com"]
[Source "ChessBase"]
[SourceQuality "1"]
[TimeControl "40/5400+30:1800+30"]

1. e4 c5 2. Nf3 d6 3. d4 cxd4 4. Nxd4 Nf6 5. Nc3 a6 6. Bg5 e6 7. f4 Be7 8. Qf3 Qc7 9. O-O-O Nbd7 10. g4 b5 11. Bxf6 Bxf6 12. Bxb5 Rb8 13. Bxd7+ Bxd7 14. g5 Bxd4 15. Rxd4 Qb6 16. Qd3 Qxb2+ 17. Kd2 O-O 18. Rb1 Qa3 19. Rxb8 Rxb8 20. Rxd6 Be8 21. Rd8 Rxd8 22. Qxd8 Kf8 23. e5 Qb4 24. Qd6+ Qxd6+ 25. exd6 Bc6 26. Nd1 Bd5 27. a3 Ke8 28. Nb2 Kd7 29. c4 Bc6 30. c5 Bb5 31. Kc3 f6 32. Kd4 Bc6 33. gxf6 gxf6 34. Nd3 Bf3 35. Nf2 Kc6 36. Ne4 Bxe4 37. Kxe4 Kd7 38. f5 e5 39. Kd5 1-0

[Event "WSTCC-50 2024"]
[Site "Krakow"]
[Date "2024.07.05"]
[Round "4.14"]
[White "Norinkeviciute, Rasa"]
[Black "Moritz, Hartmut"]
[Result "1/2-1/2"]
[ECO "A13"]
[WhiteElo "1922"]
[BlackElo "2002"]
[Annotator "NA RC"]
[PlyCount "75"]
[EventDate "2024.07.01"]
[EventType "team-tourn"]
[EventCountry "POL"]
[SourceTitle "playchess.com"]
[Source "ChessBase"]
[SourceQuality "1"]
[TimeControl "40/5400+30:1800+30"]

1. c4 e6 2. Nf3 d5 3. e3 Nf6 4. b3 Nbd7 5. Bb2 c6 6. Be2 Bd6 7. Qc2 O-O 8. Nc3 a6 9. d4 b5 10. a3 bxc4 11. bxc4 Rb8 12. O-O Ne4 13. cxd5 Nxc3 14. Bxc3 cxd5 15. Ne5 Qc7 16. f4 f6 17. Nxd7 Bxd7 18. Qd2 Bb5 19. Ba5 Qd7 20. Bb4 Bxe2 21. Qxe2 Bxb4 22. axb4 Rxb4 23. Rxa6 Rfb8 24. Ra2 h6 25. Rc2 Rb1 26. h3 Rxf1+ 27. Qxf1 Rb3 28. Qe2 Qb7 29. Qd2 Kh7 30. Kf2 f5 31. Kf3 Qb5 32. Qe2 Qb4 33. Kf2 Qa3 34. Qd2 Rd3 35. Qe2 Qb3 36. Rb2 Qc4 37. Rc2 Qb3 38. Rb2 1/2-1/2

[Event "WSTCC-50 2024"]
[Site "Krakow"]
[Date "2024.07.05"]
[Round "4.15"]
[White "Briestensky, Rastislav"]
[Black "Berg, Anders Hoyer"]
[Result "1-0"]
[ECO "C68"]
[WhiteElo "2274"]
[BlackElo "2079"]
[Annotator "TA"]
[PlyCount "75"]
[EventDate "2024.07.01"]
[EventType "team-tourn"]
[EventCountry "POL"]
[SourceTitle "playchess.com"]
[Source "ChessBase"]
[SourceQuality "1"]
[TimeControl "40/5400+30:1800+30"]

1. e4 e5 2. Nf3 Nc6 3. Bb5 a6 4. Bxc6 dxc6 5. d4 exd4 6. Qxd4 Qxd4 7. Nxd4 Bd7 8. O-O O-O-O 9. Nc3 Re8 10. a3 Ne7 11. Re1 Ng6 {[%emt 0:00:59] Black is slightly better.} 12. Be3 h5 13. f4 f6 14. Rad1 Bd6 15. g3 h4 16. Nf5 hxg3 17. Nxd6+ cxd6 18. hxg3 Bg4 19. Rxd6 Rh3 (19... Nf8 $14) 20. Kg2 $16 Reh8 21. Bg1 {[%emt 0:00:23] Dodges Rh2+} Kc7 22. Rd3 Ne7 23. Nd1 {[%emt 0:06:30] aiming for Nf2.} Be6 {[%emt 0:00:40] [#]} (23... R3h7 $16 24. a4 c5) 24. f5 $1 $18 Bc4 25. Rd4 Bf7 26. Nf2 R3h5 27. g4 (27. Red1 $18 {has better winning chances.} Be8 28. Nd3 Nxf5 29. exf5 Rxf5 30. Nf4) 27... Rh4 28. Red1 Be8 {[%emt 0:00:13] [#] Prevents Rd7+.} 29. R4d3 $1 $36 {[%emt 0:05:16][%mdl 2048] White is in control.} c5 30. Rh3 Nc6 31. Bh2+ Kc8 32. Rxh4 Rxh4 33. Bd6 b6 34. Bf8 g6 (34... Ne5 {is a better defense.} 35. Rd6 (35. Bxg7 Nxg4 36. Rh1 Rxh1 $16) 35... Nxg4) 35. Bg7 gxf5 36. exf5 {[%emt 0:00:44] White is clearly winning.} Nd4 37. Bxf6 Bc6+ 38. Kg3 {[%emt 0:00:25] Weighted Error Value: White=0.08 (flawless) /Black=0.31.  Mistake:       	White=1     	Black=3      Inaccurate:     	---       	Black=5      OK:         	White=15    	Black=9      Best:        	White=2     	---        Strong:       	White=1     	---} 1-0

[Event "WSTCC-50 2024"]
[Site "Krakow"]
[Date "2024.07.05"]
[Round "4.15"]
[White "Mai, Iris"]
[Black "Metcalfe, Allister"]
[Result "0-1"]
[ECO "A14"]
[WhiteElo "1972"]
[BlackElo "1889"]
[Annotator "RC"]
[PlyCount "137"]
[EventDate "2024.07.01"]
[EventType "team-tourn"]
[EventCountry "POL"]
[SourceTitle "playchess.com"]
[Source "ChessBase"]
[SourceQuality "1"]
[TimeControl "40/5400+30:1800+30"]

1. g3 d5 2. Bg2 Nf6 3. c4 e6 4. Nf3 Be7 5. O-O O-O 6. cxd5 exd5 7. d4 c6 8. Nc3 Ne4 9. Ne5 f6 10. Nd3 Nd6 11. b4 Be6 12. a4 Ne4 13. Bb2 Nxc3 14. Bxc3 Nd7 15. b5 Nb6 16. Nc5 Bxc5 17. dxc5 Nc4 18. Qd4 Qc7 19. bxc6 bxc6 20. g4 Rad8 21. Rfd1 Ne5 22. h3 Ng6 23. Bd2 Qe5 24. Be3 Qxd4 25. Rxd4 Rb8 26. Bd2 f5 27. gxf5 Bxf5 28. Bg5 Rb2 29. Bf1 Rfb8 30. h4 h6 31. Bf4 Nxf4 32. Rxf4 g6 33. h5 Kg7 34. hxg6 Kxg6 35. Ra3 R2b3 36. Rxb3 Rxb3 37. a5 Rc3 38. Rb4 Rxc5 39. a6 Rc1 40. Kg2 Bc8 41. e3 Bh3+ 42. Kxh3 Rxf1 43. Rg4+ Kf6 44. Rf4+ Ke6 45. Kg2 Ra1 46. Rh4 Rxa6 47. Rxh6+ Kf5 48. Kf3 Rb6 49. Rh5+ Kg6 50. Rh4 a5 51. Ra4 Rb5 52. Ke2 Kf5 53. f3 Ke5 54. Kd3 Kd6 55. f4 c5 56. Ra1 c4+ 57. Kc2 Ke6 58. Rh1 a4 59. Rh5 a3 60. Re5+ Kd6 61. Re8 Rb2+ 62. Kc3 Rb3+ 63. Kd2 a2 64. Ra8 Rb2+ 65. Kc3 Re2 66. Kd4 Rd2+ 67. Kc3 Rd3+ 68. Kb2 Rxe3 69. Kxa2 0-1

[Event "WSTCC-50 2024"]
[Site "Krakow"]
[Date "2024.07.05"]
[Round "4.15"]
[White "Dettmann, Holger"]
[Black "Baliuniene, Margarita"]
[Result "1-0"]
[ECO "A06"]
[WhiteElo "1965"]
[BlackElo "1960"]
[Annotator "NA RC"]
[PlyCount "127"]
[EventDate "2024.07.01"]
[EventType "team-tourn"]
[EventCountry "POL"]
[SourceTitle "playchess.com"]
[Source "ChessBase"]
[SourceQuality "1"]
[TimeControl "40/5400+30:1800+30"]

1. Nf3 d5 2. g3 Nf6 3. Bg2 e6 4. O-O Be7 5. c4 O-O 6. b3 Nbd7 7. Bb2 b6 8. cxd5 Nxd5 9. d4 Bb7 10. Nbd2 c5 11. Rc1 Rc8 12. Nc4 N7f6 13. Nce5 h6 14. a3 a5 15. Qd3 Nc7 16. Rfd1 Be4 17. Qd2 Ncd5 18. dxc5 Bxc5 19. e3 Qe7 20. a4 Rfd8 21. Qe2 Qb7 22. h3 Bb4 23. Nc4 b5 24. axb5 Qxb5 25. Nd4 Qa6 26. f3 Bg6 27. e4 Ne7 28. Kh2 Nd7 29. Bf1 Nc5 30. Ne5 Qxe2+ 31. Bxe2 Bh7 32. Bb5 Kf8 33. Kg1 g5 34. Ba4 Nxa4 35. Rxc8 Nxc8 36. Nxe6+ fxe6 37. Rxd8+ Ke7 38. Nc6+ Kf7 39. bxa4 Bc5+ 40. Kf1 Nb6 41. Nxa5 Bg6 42. Bd4 Nxa4 43. Bxc5 Nxc5 44. Nc4 Kf6 45. Kf2 e5 46. Rd5 Ne6 47. Nxe5 Be8 48. Nd7+ Ke7 49. Nc5 Ng7 50. f4 gxf4 51. gxf4 Bc6 52. Re5+ Kf6 53. Ke3 Be8 54. Rd5 h5 55. Rd6+ Ke7 56. Rb6 Bf7 57. f5 Ne8 58. e5 Nc7 59. Rb7 Kd8 60. e6 Be8 61. Kd4 Kc8 62. Rb3 Nb5+ 63. Ke5 Kc7 64. Ne4 1-0

[Event "WSTCC-50 2024"]
[Site "Krakow"]
[Date "2024.07.05"]
[Round "4.16"]
[White "Harstad, Christian"]
[Black "Kantorik, Marian"]
[Result "1/2-1/2"]
[ECO "C48"]
[WhiteElo "1917"]
[BlackElo "2198"]
[Annotator "RC"]
[PlyCount "90"]
[EventDate "2024.07.01"]
[EventType "team-tourn"]
[EventCountry "POL"]
[SourceTitle "playchess.com"]
[Source "ChessBase"]
[SourceQuality "1"]
[TimeControl "40/5400+30:1800+30"]

1. e4 e5 2. Nf3 Nc6 3. Nc3 Nf6 4. Bb5 Nd4 5. Ba4 Nxf3+ 6. Qxf3 c6 7. O-O d6 8. d3 Be7 9. h3 O-O 10. Bb3 Be6 11. g4 Bxb3 12. axb3 d5 13. Re1 dxe4 14. Nxe4 Nxe4 15. Rxe4 Bd6 16. Be3 a6 17. g5 Qd7 18. Rg4 Kh8 19. Raa4 b5 20. Rae4 Rae8 21. Rh4 Re6 22. Qh5 h6 23. Reg4 Qe8 24. Re4 f5 25. gxf6 Rexf6 26. Qxe8 Rxe8 27. Rhg4 Ree6 28. Kf1 Kh7 29. Ke2 g6 30. Rg1 c5 31. Ra1 Bf8 32. c3 Kg8 33. Ra5 Kf7 34. Rh4 h5 35. Re4 Be7 36. c4 bxc4 37. bxc4 Rb6 38. Rxe5 Rxb2+ 39. Kf1 Bd6 40. Rd5 Bg3 41. Kg2 h4 42. Raxc5 Bxf2 43. Rc7+ Ke8 44. Rc8+ Ke7 45. Rc7+ Ke8 1/2-1/2